 Dungeon Crawl Stone Soup version 0.25.0-8-gfd19cd77bd (webtiles) character file.

Game seed: 16455366876893020613

309 Krehm the Skirmisher (level 6, -7/52 HPs)
             Began as a Demonspawn Abyssal Knight on June 16, 2020.
             Was a Priest of Lugonu.
             Killed from afar by a gnoll (8 damage)
             ... with a bolt of acid
             ... on level 4 of the Dungeon.
             The game lasted 00:37:53 (4964 turns).

Krehm the Skirmisher (Demonspawn Abyssal Knight)    Turns: 4964, Time: 00:37:54

Health: -7/52      AC:  9    Str: 14    XL:     6   Next: 17%
Magic:  9/9        EV:  6    Int: 13    God:    Lugonu [***...]
Gold:   167        SH:  5    Dex: 13    Spells: 5/5 levels left

rFire    + . .     SeeInvis .   a - +1 short sword
rCold    . . .     Gourm    .   (no shield)
rNeg     . . .     Faith    .   w - +0 chain mail
rPois    .         Spirit   .   n - +0 helmet
rElec    .         Reflect  +   e - scarf {repulsion}
rCorr    .         Harm     .   b - +0 pair of gloves
MR       .....                  (no boots)
Stlth    ..........             v - amulet of reflection
HPRegen  0.17/turn              (no ring)
MPRegen  0.11/turn              (no ring)

@: mighty, corroded, repel missiles
A: hooves 1, iridescent scales 1, fire resistance 1, powered by pain 1
a: Depart the Abyss, Bend Space, Banish, Renounce Religion


You were on level 4 of the Dungeon.
You worshipped Lugonu.
Lugonu was most pleased with you.
You were not hungry.

You visited 1 branch of the dungeon, and saw 4 of its levels.
You visited the Abyss 1 time.
You also visited: Sewer.

You collected 167 gold pieces.

Inventory:

Hand Weapons
 a - a +1 short sword (weapon)
Missiles
 o - 7 atropa-tipped darts (quivered)
Armour
 b - a +0 pair of gloves (worn)
 e - a scarf of repulsion (worn)
 n - a +0 helmet (worn)
 w - a +0 chain mail (worn)
Jewellery
 v - an amulet of reflection (around neck)
Wands
 f - a wand of disintegration (18)
Scrolls
 k - 3 scrolls of remove curse {unknown}
 l - a scroll of enchant weapon {unknown}
 m - 4 scrolls of teleportation {unknown}
 q - a scroll of magic mapping {unknown}
 s - a scroll of fear {unknown}
Potions
 g - 2 potions of stabbing
 h - 4 potions of brilliance
 i - a potion of ambrosia {unknown}
 p - 2 potions of might {unknown}
 r - 3 potions of magic
 t - a potion of curing {unknown}
Comestibles
 c - 9 rations
 d - 3 chunks of flesh


   Skills:
 + Level 5.8 Fighting
 - Level 1.7 Short Blades
 + Level 2.2 Armour
 - Level 0.8 Dodging
 + Level 5.0 Invocations


You had 5 spell levels left.
You didn't know any spells.
Your spell library was empty.

Dungeon Overview and Level Annotations

Branches:
Dungeon (4/15)              Sewer (visited)
 Temple: D:4-7

Altars:
Qazlal
Beogh

Annotations:
D:3 3 runed translucent doors, exclusion: 3 doors, TheNamelessOne's ghost, amateur DsWn


Innate Abilities, Weirdness & Mutations

You have large cloven feet.
You are partially covered in iridescent scales. (AC +2)
Your flesh is heat resistant. (rF+)
You sometimes gain a little power by taking damage.


Message History

The gnoll is severely wounded.
The gnoll hits you but does no damage.
Throwing (i - inventory)
o - 8 atropa-tipped darts (quivered)
Press: ? - help, Shift-Dir - straight line, f - gnoll, p - gnoll
Aim: a gnoll, wielding a -1 halberd and carrying a wand of acid (6) (chance to blind on hit: 100%)
You throw an atropa-tipped dart. The atropa-tipped dart hits the gnoll.
The gnoll appears confused.
The gnoll is severely wounded.
The gnoll hits you with a +0 flail.
You hit the gnoll.
You kill the gnoll!
Lugonu accepts your kill.
The gnoll zaps a wand.
The bolt of acid hits you!
* * * LOW HITPOINT WARNING * * *
The acid corrodes you!
You are splashed with acid!
* * * LOW HITPOINT WARNING * * *
You focus on the pain.
You feel very mighty all of a sudden.
The gnoll zaps a wand.
The bolt of acid hits you!
You die...

### ########..
##.#######.....##..
####..##.............a ###
#####.................##.. #..
##.....##..##..........##..
#..###..######..###..##.....##..
#(..#.### #....# #..##.....####
#.......###....###..##...###.
####...##...#...@.)ga..........#
......#####.....####..##.#..####
....#.......#..^# #.....##.#
....#######.....####...### ...
##### #.............######.#
##### #......###....#.... ...
#...## #...............# .#
.....## #..............###
......#####......#....#...####


You could see a worker ant and a gnoll.

Vanquished Creatures
  3 hounds (D:4)
  3 gnolls
  2 adders
  4 river rats (Sewer)
  5 worms
  7 leopard geckos
  8 orcs
  7 giant cockroaches
  8 goblins
  12 hobgoblins
  5 jackals (D:1)
  8 kobolds
  2 ball pythons
  8 bats
  10 frilled lizards
  19 rats
111 creatures vanquished.

Notes
Turn   | Place    | Note
-------+----------+-------------------------------------------
     0 | Abyss:1  | Krehm the Demonspawn Abyssal Knight began the quest for the
                  | Orb.
     0 | Abyss:1  | Reached XP level 1. HP: 18/18 MP: 2/2
    10 | Abyss:1  | Found a burning altar of Makhleb.
    72 | Abyss:1  | Noticed a raiju
    77 | D:1      | Escaped the Abyss
   404 | D:1      | Reached * piety under Lugonu
   566 | D:1      | Gained mutation: You are partially covered in iridescent
                  | scales. (AC +2) [demonic ancestry]
   566 | D:1      | Reached XP level 2. HP: 24/24 MP: 3/3
  1082 | D:1      | Gained mutation: You sometimes gain a little power by
                  | taking damage. [demonic ancestry]
  1082 | D:1      | Reached XP level 3. HP: 25/30 MP: 4/4
  1671 | D:2      | Found a stormy altar of Qazlal.
  1806 | D:2      | Reached ** piety under Lugonu
  2209 | D:2      | Gained mutation: Your flesh is heat resistant. (rF+)
                  | [demonic ancestry]
  2209 | D:2      | Reached XP level 4. HP: 19/38 MP: 6/6
  2843 | D:3      | Reached skill level 5 in Fighting
  2863 | D:3      | Noticed TheNamelessOne's ghost (amateur DsWn)
  2865 | D:3      | Found a runed translucent gate.
  2866 | D:3      | Found a runed translucent gate.
  2866 | D:3      | Found a runed translucent gate.
  2874 | D:3      | Found a roughly hewn altar of Beogh.
  2894 | D:3      | Found a glowing drain.
  2953 | Sewer    | Entered a sewer
  3340 | Sewer    | Reached XP level 5. HP: 34/44 MP: 7/7
  3344 | Sewer    | Reached *** piety under Lugonu
  4825 | D:4      | Gained mutation: You have large cloven feet. [demonic
                  | ancestry]
  4825 | D:4      | Reached XP level 6. HP: 47/52 MP: 9/9
  4833 | D:4      | Reached skill level 5 in Invocations
  4963 | D:4      | HP: 1/52 [acid (14)]
  4964 | D:4      | Killed from afar by a gnoll

Illustrated notes

Levels and vault maps discovered:
D:1:      dpeg_arrival_morbid_curiosity, layout_basic, minmay_pentomino_s4
D:2:      layout_basic, grunt_qazlal_sundering
D:3:      layout_loops_cross, gup_sewer_entry_glass, biasface_ghost_orc_armoury
D:4:      layout_rooms

Skill      XL: |  1  2  3  4  5  6 |
---------------+-------------------+-----
Fighting       | 4 5 |  5.8
Invocations    | 3 4 5 |  5.0
Armour         | 2 |  2.2
Short Blades   | |  1.7
Dodging        | |  0.8

Action                   |  1- 3 |  4- 6 || total
-------------------------+-------+-------++-------
Melee: Short sword       |   174 |   336 ||   510
       Kick              |       |    11 ||    11
Throw: Dart              |     6 |    12 ||    18
Invok: Depart the Abyss  |     1 |       ||     1
  Use: Scroll            |       |     4 ||     4
 Stab: Invisible         |     2 |     2 ||     4
  Eat: Chunk             |     4 |    10 ||    14
Armor: Leather armour    |    25 |       ||    25
       Ring mail         |    60 |    69 ||   129
       Chain mail        |       |    67 ||    67
Dodge: Dodged            |   133 |   133 ||   266
Block: Other             |       |    11 ||    11
